 Dungeon Crawl Stone Soup version 0.28.0-47-ge53b351184 (webtiles) character file.

Game seed: 4435729876840634634

112 bobregger the Cudgeller (level 4, -3/72 HPs)
             Began as an Ogre Berserker on May 5, 2022.
             Was a Believer of Trog.
             Slain by an adder (4 damage)
             ... on level 4 of the Dungeon.
             The game lasted 00:02:59 (3062 turns).

bobregger the Cudgeller (Ogre Berserker)            Turns: 3062, Time: 00:02:59

Health: -3/72      AC: -5    Str: 21    XL:     4   Next: 95%
Magic:  4/4        EV: 10    Int:  8    God:    Trog [**....]
Gold:   141        SH:  0    Dex: 10    Spells: 3/3 levels left

rFire   . . .      SeeInvis .   a - +0 mace
rCold   . . .      Faith    .   (no shield)
rNeg    . . .      Spirit   .   b - +0 animal skin
rPois   .          Reflect  .   (helmet restricted)
rElec   .          Harm     .   (no cloak)
rCorr   .          Rampage  .   (gloves unavailable)
Will    .....                   (boots unavailable)
Stlth   ..........              (no amulet)
HPRegen 0.22/turn               (no ring)
MPRegen 0.09/turn               (no ring)

@: berserking, lethally poisoned (-3 -> -6), corroded, very quick
A: large, unfitting armour, tough skin 1
a: Renounce Religion, Berserk, Trog's Hand


You were on level 4 of the Dungeon.
You worshipped Trog.
Trog was pleased with you.
You visited 1 branch of the dungeon, and saw 4 of its levels.

You collected 141 gold pieces.

Inventory:

Hand Weapons
 a - a +0 mace (weapon)
Armour
 b - a +0 animal skin (worn)
Scrolls
 c - a scroll of fog
 g - a scroll of identify {unknown}
 h - 3 scrolls of teleportation {unknown}
 j - a scroll of brand weapon {unknown}
 k - a scroll of enchant armour {unknown}
 m - a scroll of magic mapping {unknown}
 n - a scroll of immolation {unknown}
 p - a scroll of vulnerability {unknown}
 q - a scroll of torment {unknown}
Potions
 d - a potion of invisibility {unknown}
 e - 3 potions of heal wounds {unknown}
 i - a potion of attraction {unknown}
 l - a potion of degeneration {unknown}
 o - a potion of curing {unknown}


   Skills:
 - Level 4.0 Fighting
 + Level 5.0 Maces & Flails
 - Level 2.6 Dodging


You had 3 spell levels left.
You didn't know any spells.
Your spell library was empty.

Dungeon Overview and Level Annotations

Branches:
Dungeon (4/15)
 Temple: D:4-7

Altars:
Uskayaw


Innate Abilities, Weirdness & Mutations

You are too large for most types of armour.
You have tough skin. (AC +1)


Message History

You hit the adder.
The adder is heavily wounded.
You feel sick. The adder closely misses you.
You hit the adder.
The adder is severely wounded.
You feel sick. The adder bites you. The adder barely misses you.
You closely miss the adder.
The adder is severely wounded.
You feel sick. The jelly hits you. The acid corrodes you!
You are splashed with acid.
The adder closely misses you.
You hit the adder but do no damage.
The adder is severely wounded.
You feel sick. The adder bites you.
You are more poisoned.
The adder poisons you! The jelly hits you.
You are splashed with acid!
* * * LOW HITPOINT WARNING * * *
The adder closely misses you. The jelly barely misses you.
A red film seems to cover your vision as you go berserk!
You feel yourself moving faster!
You feel mighty!
You feel sick. The adder barely misses you. The jelly completely misses you.
You thump the jelly! The acid corrodes you!
Your hands burn!
* * * LOW HITPOINT WARNING * * *
The jelly is heavily wounded.
You feel sick. The adder bites you.
* * * LOW HITPOINT WARNING * * *
You hit the jelly.
Your hands burn!
* * * LOW HITPOINT WARNING * * *
The jelly is severely wounded.
You feel sick. The jelly hits you.
* * * LOW HITPOINT WARNING * * *
The acid corrodes you!
You are splashed with acid!
* * * LOW HITPOINT WARNING * * *
The adder barely misses you.
Unknown command.
Unknown command.
You sock the jelly!
You kill the jelly!
Trog accepts your kill. The adder bites you.
You die...

### ..# #.# #.# #.# #.#
#@# #.. #S# ≈.. <. .#
#.[.. #S# ... .##.#
#....###.# #.##....#
+....+...# #S......#
#....##..#####.......#+
.............#S........
###.........#.........
#.........#.........


You could see an adder and a ball python.

Vanquished Creatures
  A jelly (D:4)
  4 adders
  A worm (D:2)
  2 dart slugs
  6 endoplasms
  3 giant cockroaches
  8 goblins
  6 hobgoblins
  6 jackals
  2 quokkas (D:1)
  9 ball pythons
  3 bats
  3 frilled lizards (D:1)
  4 kobolds
  5 rats
63 creatures vanquished.

Notes
Turn   | Place    | Note
-------+----------+-------------------------------------------
     0 | D:1      | bobregger the Ogre Berserker began the quest for the Orb.
     0 | D:1      | Reached XP level 1. HP: 24/24 MP: 1/1
    68 | D:1      | Reached skill level 3 in Maces & Flails
    76 | D:1      | Reached XP level 2. HP: 22/32 MP: 2/2
   901 | D:2      | Reached XP level 3. HP: 34/39 MP: 3/3
  1053 | D:2      | Found a faded altar of an unknown god.
  1153 | D:2      | Reached skill level 4 in Maces & Flails
  1167 | D:2      | Reached ** piety under Trog
  1449 | D:2      | Identified the +8 dagger "Ebiyph" {vorpal, rElec rF+
                  | Stlth-}
  1529 | D:2      | Reached XP level 4. HP: 37/48 MP: 4/4
  2090 | D:3      | Found a hide-covered altar of Uskayaw.
  3052 | D:4      | Reached skill level 5 in Maces & Flails
  3061 | D:4      | HP: 1/72 [acid (8)]
  3062 | D:4      | Slain by an adder

Illustrated notes

Levels and vault maps discovered:
D:1:      lightli_arrival_boilingwater, layout_rooms, minmay_misc_feat_plants
D:2:      layout_basic, nicolae_ecumenical_oubliette, minmay_heptomino_w4
D:3:      kennysheep_the_goblin_king, layout_basic,
          mainiacjoe_overflow_boulevard, minmay_close_crescents
D:4:      layout_basic, portal_sewer_entry_b, eino_curves_03

Skill      XL: |  1  2  3  4 |
---------------+-------------+-----
Maces & Flails | 3 4 5 |  5.0
Fighting       | |  4.0
Dodging        | |  2.6

Action                   |  1- 3 |  4- 6 || total
-------------------------+-------+-------++-------
Melee: Mace              |    97 |   103 ||   200
       Punch             |     1 |     3 ||     4
Invok: Berserk           |     2 |     2 ||     4
  Use: Scroll            |       |     2 ||     2
Armor: Animal skin       |    52 |    38 ||    90
Dodge: Dodged            |    61 |    76 ||   137
